 Dungeon Crawl Stone Soup version bcrawl-1.28.1b (webtiles) character file.

Game seed: 18131022236723596841

135050 Adamkad1 the Ruffian (level 4, 0/36 HPs)
             Began as a Draconian Transmuter on Dec 12, 2020.
             Slain by a bullfrog zombie (4 damage)
             ... on level 5 of the Dungeon.
             The game lasted 00:02:07 (1570 turns).

Adamkad1 the Ruffian (Draconian Transmuter)         Turns: 1570, Time: 00:02:08

Health: 0/36       AC:  5    Str: 13    XL:     4   Next: 10%
Magic:  6/7        EV: 12    Int: 14    God:
Gold:   25         SH:  0    Dex: 11    Spells: 6/7 levels left

rFire    . . .     SeeInvis .     - Fists (6.9)
rCold    . . .     Gourm    .   (no shield)
rNeg     . . .     Faith    .   (armour unavailable)
rPois    .         Spirit   .   (helmet restricted)
rElec    .         Reflect  .   (no cloak)
rCorr    .         Harm     .   (no gloves)
MR       .....                  (boots currently unavailable)
Stlth    +.........             (no amulet)
HPRegen  0.12/turn              (no ring)
MPRegen  0.10/turn              (no ring)

@: appendage, lightly drained
A: unfitting armour, talons 3, cold-blooded, AC +5
a: End Transformation


You were on level 5 of the Dungeon.
You were not hungry.
You had grown temporary talons.
You visited 1 branch of the dungeon, and saw 5 of its levels.

You collected 25 gold pieces.

Inventory:

Missiles
 a - 120 arrows
Jewellery
 j - a +4 ring of evasion {unknown}
Scrolls
 b - a scroll of immolation {unknown}
 g - 2 scrolls of identify
 h - 3 scrolls of fear {unknown}
 i - a scroll of teleportation {unknown}
 k - a scroll of amnesia {unknown}
Potions
 c - a potion of lignification
 d - 2 potions of heal wounds {unknown}
 f - 3 potions of curing {unknown}
 l - a potion of mutation {unknown}
Comestibles
 e - 3 rations {!d}


   Skills:
 + Level 2.1(1.8) Fighting
 + Level 2.3(2.1) Dodging
 + Level 3.4(3.1) Unarmed Combat
 + Level 2.4(2.2) Spellcasting
 * Level 2.7(2.4) Transmutations


You had 6 spell levels left.
You knew the following spells:

 Your Spells              Type           Power        Failure   Level  Hunger
a - Beastly Appendage     Tmut           #.....       9%          1    None

Your spell library contained the following spells:

 Spells                   Type           Power        Failure   Level  Hunger
 Sticks to Snakes         Tmut           #.......     13%         2    ##.....
 Passwall                 Tmut/Erth      #.......     22%         2    ##.....
 Spider Form              Tmut/Pois      #..          38%         3    ####...
 Ice Form                 Ice/Tmut       #.......     80%         4    ######.
 Blade Hands              Tmut           #.........   93%         5    #######


Dungeon Overview and Level Annotations

Branches:
Dungeon (5/12)
 Temple: D:4-7

Altars:


Innate Abilities, Weirdness & Mutations

Your plain brown scales are hard. (AC +5)
You cannot fit into any form of body armour.
You are cold-blooded and may be slowed by cold attacks.
You have claws for feet.


Message History

The bullfrog barely misses you.
The bullfrog zombie hits you but does no damage.
Okay, then.
Casting: Beastly Appendage (safe; 9% risk of failure)
Confirm with . or Enter, or press ? or * to list all spells.
Your feet morph into talons.
The bullfrog barely misses you. The bullfrog zombie hits you.
You barely miss the bullfrog zombie. The bullfrog hits you.
The bullfrog zombie hits you. The bullfrog barely misses you.
You hit the bullfrog zombie but do no damage.
You claw the bullfrog zombie, but do no damage.
The bullfrog hits you.
The bullfrog zombie hits you but does no damage.
You barely miss the bullfrog zombie. The bullfrog closely misses you.
The bullfrog zombie hits you. The bullfrog hits you!
* * * LOW HITPOINT WARNING * * *
You hit the bullfrog zombie. You claw the bullfrog zombie!
The bullfrog zombie is moderately damaged.
The bullfrog zombie hits you.
You die...

#.#####.#### #..# #
......zz...# #.z# .# .
#...?..z...# #..####.#..
##.####.#..####..z.......
# #.#.......<.....#..
#...........z......
###........z#######
##.######F# #....5Z@.#
#.######## ..# ###


You could see a bullfrog, 3 wights, a crimson imp and a bullfrog zombie.

Vanquished Creatures
  Jessica (D:2)
  An adder (D:4)
  An ooze (D:4)
  A worm (D:3)
  2 dart slugs (D:1)
  A leopard gecko (D:1)
  2 bats (D:1)
  2 goblins
  5 hobgoblins
  A jackal (D:4)
  5 kobolds
  A ball python (D:1)
  2 frilled lizards
  A giant cockroach zombie (D:1)
  A quokka zombie (D:1)
  2 rats (D:1)
29 creatures vanquished.

Notes
Turn   | Place    | Note
-------+----------+-------------------------------------------
     0 | D:1      | Adamkad1 the Draconian Transmuter began the quest for the
                  | Orb.
     0 | D:1      | Reached XP level 1. HP: 16/16 MP: 3/3
   201 | D:2      | Noticed Jessica
   353 | D:1      | Reached XP level 2. HP: 18/23 MP: 3/5
  1129 | D:2      | Killed Jessica
  1130 | D:2      | Reached XP level 3. HP: 24/29 MP: 4/6
  1328 | D:4      | Noticed an ice beast
  1432 | D:4      | Reached XP level 4. HP: 32/36 MP: 7/7
  1508 | D:5      | Entered Level 5 of the Dungeon
  1508 | D:5      | Noticed a bullfrog
  1570 | D:5      | Slain by a bullfrog zombie

Skill      XL: |  1  2  3 |
---------------+----------+-----
Dodging        | 2 |  2.3
Fighting       | 2 |  2.1
Unarmed Combat | |  3.4
Spellcasting   | |  2.4
Transmutations | |  2.7

Action                   |  1- 3 |  4- 6 || total
-------------------------+-------+-------++-------
Melee: Unarmed           |   109 |     4 ||   113
       Kick              |     9 |     2 ||    11
       Tailslap          |    10 |       ||    10
       Headbutt          |     5 |       ||     5
       Punch             |     2 |       ||     2
 Cast: Beastly Appendage |    22 |     1 ||    23
 Stab: Sleeping          |     2 |       ||     2
  Eat: Chunk             |     4 |     1 ||     5
Armor: Skin              |    18 |     7 ||    25
Dodge: Dodged            |    61 |    14 ||    75
